 Dungeon Crawl Stone Soup version 0.14-a0-736-g2a71271 (webtiles) character file.

66 Malachi the Insei (level 3, -7/28 HPs)
             Began as a Draconian Transmuter on Nov 7, 2013.
             Killed from afar by an orc wizard (8 damage)
             ... with a magic dart
             ... on Level 1 of the Dungeon.
             The game lasted 00:01:47 (1631 turns).

Malachi the Ruffian (Draconian Transmuter)          Turns: 1631, Time: 00:01:48

HP  -7/28        AC  2     Str 12      XL: 3   Next:  1%
MP   1/4         EV 19     Int 14      God:
Gold 37          SH  0     Dex 16      Spells:  3 memorised,  0 levels left

Res.Fire  : . . .   See Invis. : .     - Unarmed
Res.Cold  : . . .   Warding    : .   (armour unavailable)
Life Prot.: . . .   Conserve   : .   (shield currently unavailable)
Res.Poison: x       Res.Corr.  : .   (helmet currently unavailable)
Res.Elec. : .       Clarity    : .   (cloak currently unavailable)
Sust.Abil.: . .     Spirit.Shd : .   (gloves currently unavailable)
Res.Mut.  : .       Stasis     : .   (boots currently unavailable)
Res.Rott. : .       Flight     : .   (no amulet)
Saprovore : . . .                    (no ring)
                                     (no ring)

@: spider-form (expiring), quick, not resistant to hostile enchantments, fairly
stealthy
A: unfitting armour, AC +5
a: End Transformation


You were on level 1 of the Dungeon.
You were not hungry.
You were in spider-form.
You visited 1 branch of the dungeon, and saw 1 of its levels.

You collected 37 gold pieces.

Inventory:

Missiles
 b - 46 arrows
Comestibles
 a - 2 bread rations
Scrolls
 i - a scroll of enchant armour {unknown}
 j - a scroll of noise {unknown}
 l - a scroll of identify {unknown}
Potions
 c - a potion of blood {unknown}
 e - a potion of cure mutation {unknown}
 f - a potion of brilliance {unknown}
 k - a potion of speed {unknown}
Books
 d - a book of Changes

   Spells                             Type                      Level
   *Beastly Appendage                 Transmutation                1
   *Sticks to Snakes                  Transmutation                2
   *Spider Form                       Transmutation/Poison         3
   Ice Form                           Ice/Transmutation            4
   Blade Hands                        Transmutation                5


   Skills:
 - Level 1.1 Fighting
 - Level 1.7 Dodging
 - Level 0.8 Stealth
 + Level 3.6 Unarmed Combat
 - Level 2.0 Spellcasting
 * Level 2.6 Transmutations


You couldn't memorise any spells.
You knew the following spells:

 Your Spells              Type           Power        Failure   Level  Hunger
a - Beastly Appendage     Trmt           #.....       24%         1    ##.....
b - Sticks to Snakes      Trmt           #.........   32%         2    ###....
c - Spider Form           Trmt/Pois      #.........   69%         3    ####...


Dungeon Overview and Level Annotations

Branches:
Dungeon (1/27)

Altars:


Message History

The orc wizard gestures at you while chanting.
The magic dart hits you!
An orc priest comes into view. It is wielding a club.
Your transformation is almost over.
The orc wizard gestures wildly while chanting.
The orc wizard seems to speed up.
You barely miss the orc wizard. The orc wizard casts a spell at you.
The magic dart hits you! The orc hits you with a club.
The orc wizard closely misses you. The orc wizard casts a spell at you.
The magic dart hits you!
* * * LOW HITPOINT WARNING * * *
An orc comes into view. It is wielding an orcish war axe.
The orc wizard completely misses you.
The orc wizard hits you with an orcish dagger.
* * * LOW HITPOINT WARNING * * *
The orc wizard casts a spell at you. The magic dart hits you!
You die...

#.#.###.#..........####
#........
#.#.....#.#o.#.###....#
#.#.#.#.# #.#####......#.#
#.##.# #......>. #.#
###.###....# #.##.# ####.####
#.# #...# #..### #.##.# #.#
#.# #.#.###..# ##.##.######.#
#.# #.#......# ##............#
#.# #.###.#..###..>..........#
#.###.###...ooo.s..##.########
#.....)............##.#
...%#.##.......######.#
###.#.##)......# #.#
......##.......# #.#
###.######...### #.# ###.#
#...# #.# .##.# ##.## #.#
###.#### #.# #.#


You could see 2 orc wizards and an orc.

Vanquished Creatures
  A giant gecko (D:1)
  A ball python (D:1)
  6 bats (D:1)
  2 goblins (D:1)
  7 hobgoblins (D:1)
  2 kobolds (D:1)
  2 giant newts (D:1)
  4 rats (D:1)
25 creatures vanquished.

Notes
Turn   | Place    | Note
--------------------------------------------------------------
     0 | D:1      | Malachi, the Draconian Transmuter, began the quest for the Orb.
     0 | D:1      | Reached XP level 1. HP: 16/16 MP: 1/1
   563 | D:1      | Reached XP level 2. HP: 5/23 MP: 3/3
  1406 | D:1      | Reached XP level 3. HP: 18/28 MP: 4/4
  1410 | D:1      | Learned a level 2 spell: Sticks to Snakes
  1414 | D:1      | Learned a level 3 spell: Spider Form
  1630 | D:1      | HP: 1/28 [orc wizard/orcish dagger (2)]
  1631 | D:1      | Killed from afar by an orc wizard

Action                   || total
-------------------------++-------
Melee: Unarmed           ||    97
 Cast: Beastly Appendage ||     3
       Spider Form       ||     1
